 Dungeon Crawl Stone Soup version 0.29.0-4-gdea44cf6ec (webtiles) character file.

Game seed: 13579511004969170392

30 qw the Chopper (level 3, -1/21 HPs)
             Began as a Tengu Warper on Aug 28, 2022.
             Succumbed to their own poison gas
             ... on level 1 of the Dungeon.
             The game lasted 00:00:07 (1545 turns).

qw the Chopper (Tengu Warper)                       Turns: 1545, Time: 00:00:07

Health: -1/21      AC:  6    Str: 13    XL:     3   Next: 18%
Magic:  7/7        EV: 11    Int: 13    God:
Gold:   43         SH:  0    Dex: 13    Spells: 6/6 levels left

rFire   . . .      SeeInvis .   Y - +1 hand axe
rCold   . . .      Faith    .   (no shield)
rNeg    + . .      Spirit   .   f - +0 ring mail
rPois   .          Reflect  .   (helmet restricted)
rElec   .          Harm     .   l - +0 cloak
rCorr   .          Rampage  .   (no gloves)
Will    .....                   (boots unavailable)
Stlth   +.........              (no amulet)
HPRegen 0.07/turn               i - ring of positive energy
MPRegen 0.10/turn               (no ring)

@: lethally poisoned (-1 -> -12)
A: beak, talons 3
a: no special abilities


You were on level 1 of the Dungeon.
You visited 1 branch of the dungeon, and saw 1 of its levels.

You collected 43 gold pieces.


Innate Abilities, Weirdness & Mutations

You have a beak for a mouth.
You have claws for feet.


   Skills:
 - Level 2.0 Fighting
 + Level 3.9 Axes
 - Level 1.0 Throwing
 - Level 1.1 Armour
 - Level 2.1 Dodging
 - Level 2.0 Spellcasting
 - Level 2.4 Translocations


You had 6 spell levels left.
You didn't know any spells.
Your spell library contained the following spells:

 Spells                   Type           Power      Damage    Failure   Level
 Blink                    Tloc           14%        N/A       30%         2
 Gell's Gravitas          Tloc           7%         N/A       52%         3
 Lesser Beckoning         Tloc           7%         N/A       52%         3
 Teleport Other           Tloc           7%         N/A       52%         3
 Manifold Assault         Tloc           7%         N/A       99%         5

Inventory:

Hand Weapons
 h - a +0 club
 Y - a +1 hand axe (weapon)
Armour
 f - a +0 ring mail (worn)
 l - a +0 cloak (worn)
Jewellery
 i - a ring of positive energy (left hand)
Potions
 j - a potion of flight {unknown}

Dungeon Overview and Level Annotations

Branches:
Dungeon (1/15)

Altars:


Message History

You feel strangely unstable.
It was a scroll of teleportation.
You start waiting.
Your surroundings suddenly seem different.
Done exploring.
1438 ||| READING scroll labelled LYIL NEOTHEALL.
As you read the scroll labelled LYIL NEOTHEALL, it crumbles to dust.
A profound silence engulfs you.
It was a scroll of silence.
You start waiting.
Your hearing returns.
Done waiting.
Done exploring.
1539 ||| READING scroll labelled SEORHA EWOUSO.
As you read the scroll labelled SEORHA EWOUSO, it crumbles to dust.
It is a scroll of enchant weapon.
Your +0 hand axe glows red for a moment.
Done exploring.
1540 ||| READING scroll labelled YMOLAL XUOST.
The air fills with toxic fumes!
As you read the scroll labelled YMOLAL XUOST, it crumbles to dust.
It was a scroll of poison.
Done exploring.
1541 ||| DROPPING scroll of blinking.
You drop a scroll of blinking.
Done exploring.
(D) Dungeon
Where to? (* - list waypoints, ? - help)
What level of the Dungeon? (default 1, ? - help) Sorry, I don't know how to get there.
Done exploring.
1542 ||| Stepping randomly (stuck).
Really walk into that cloud of poison gas?
You are engulfed in poison gas.
You are lethally poisoned!
You feel very sick.
1543 ||| Stepping ~*~*~tactically~*~*~ (cloud).
You feel very sick.
You see here a scroll of blinking.
There is a lethal amount of poison in your body!
You feel very sick.
There is a lethal amount of poison in your body!
You die...

###
..#################
#.#...#...#¤0¤#¤¤¤#
..'...'.}.¤¤¤¤¤¤@¤#
#.#...#...#¤¤¤#¤¤0#
####'###'#######0##
#...#...#...#¤¤.#
#...'...+.<.'¤¤.#
###...#...#...#¤¤.#
#.##'###'#######+##
..#...#...#...#...#
..#...#...'...'...#


There were no monsters in sight!

Vanquished Creatures
  2 endoplasms (D:1)
  A giant cockroach (D:1)
  2 goblins (D:1)
  6 hobgoblins (D:1)
  4 jackals (D:1)
  2 kobolds (D:1)
  A quokka (D:1)
  2 bats (D:1)
  2 frilled lizards (D:1)
  3 rats (D:1)
25 creatures vanquished.

Notes
Turn   | Place    | Note
-------+----------+-------------------------------------------
     0 | D:1      | qw the Tengu Warper began the quest for the Orb.
     0 | D:1      | Reached XP level 1. HP: 12/12 MP: 4/4
     0 | D:1      | 0 ||| qw: Version: 0.1-a-89-g26bdef1
     0 | D:1      | 0 ||| qw: Game counter: 728
     0 | D:1      | 0 ||| qw: Always use a shield: true
     0 | D:1      | 0 ||| qw: God list: Okawaru
     0 | D:1      | 0 ||| qw: Allow faded altars: false
     0 | D:1      | 0 ||| qw: Do Orc after D:15 true
     0 | D:1      | 0 ||| qw: Do second Lair branch before Depths: true
     0 | D:1      | 0 ||| qw: Lair rune preference: random
     0 | D:1      | 0 ||| qw: Plans: Normal
     0 | D:1      | 0 ||| PLANNING D:1-11
   212 | D:1      | Reached XP level 2. HP: 12/17 MP: 6/6
   213 | D:1      | Reached skill level 3 in Axes
   827 | D:1      | 827 ||| Stepping ~*~*~tactically~*~*~ (stealth).
   829 | D:1      | 829 ||| Stepping ~*~*~tactically~*~*~ (stealth).
   920 | D:1      | Reached XP level 3. HP: 21/21 MP: 7/7
  1418 | D:1      | 1418 ||| UPGRADING to +0 ring mail.
  1428 | D:1      | 1428 ||| DROPPING +0 leather armour.
  1429 | D:1      | 1429 ||| UPGRADING to +0 cloak.
  1434 | D:1      | 1434 ||| UPGRADING to ring of positive energy.
  1435 | D:1      | 1435 ||| READING scroll labelled HIGAIR GAXTE.
  1438 | D:1      | 1438 ||| READING scroll labelled LYIL NEOTHEALL.
  1539 | D:1      | 1539 ||| READING scroll labelled SEORHA EWOUSO.
  1540 | D:1      | 1540 ||| READING scroll labelled YMOLAL XUOST.
  1541 | D:1      | 1541 ||| DROPPING scroll of blinking.
  1542 | D:1      | 1542 ||| Stepping randomly (stuck).
  1543 | D:1      | 1543 ||| Stepping ~*~*~tactically~*~*~ (cloud).
  1543 | D:1      | HP: 5/21 [poisoned by you (poison gas)]
  1544 | D:1      | HP: 2/21 [poisoned by you (poison gas)]
  1545 | D:1      | Succumbed to their own poison gas

Levels and vault maps discovered:
D:1:      co_arrival_random_square_maze, layout_loops_corners,
          kennysheep_pointless_box

Skill      XL: |  1  2 |
---------------+-------+-----
Axes           | 3 |  3.9
Fighting       | |  2.0
Throwing       | |  1.0
Armour         | |  1.1
Dodging        | |  2.1
Spellcasting   | |  2.0
Translocations | |  2.4

Action                   || total
-------------------------++-------
Melee: Hand axe          ||    58
       Kick              ||    17
       Peck              ||     4
Throw: Boomerang         ||     7
  Use: Scroll            ||     4
Armor: Leather armour    ||    16
Dodge: Dodged            ||    34

Table legend:
 A = Non-vault XP
 B = Vault XP
 C = Vault XP percentage of total XP
 D = Non-vault monster count
 E = Vault monster count
 F = Vault count percentage of total count
                 A         B        C        D         E       F
            +---------+---------+-------+---------+---------+-------
      Total |      43 |       0 |   0.0 |      25 |       0 |   0.0
            +---------+---------+-------+---------+---------+-------
        D:1 |      43 |       0 |   0.0 |      25 |       0 |   0.0
            +---------+---------+-------+---------+---------+-------
